 Dungeon Crawl Stone Soup version 0.29-a0-982-gaed3a0c8d8 (webtiles) character file.

Game seed: 9284363762137815676

1370 MisterAzrael the Frost Mage (level 8, 0/41 HPs)
             Began as a Deep Elf Ice Elementalist on Aug 2, 2022.
             Slain by Prince Ribbit (8 damage)
             ... on level 5 of the Dungeon.
             The game lasted 00:07:19 (5110 turns).

MisterAzrael the Frost Mage (DEIE)                  Turns: 5110, Time: 00:07:20

Health: 0/41       AC:  2    Str:  5    XL:     8   Next: 38%
Magic:  18/21      EV: 12    Int: 23    God:
Gold:   178        SH:  0    Dex: 15    Spells: 8/22 levels left

rFire   . . .      SeeInvis .   s - +0 rapier (venom)
rCold   . . .      Faith    .   (no shield)
rNeg    . . .      Spirit   .   a - +0 robe
rPois   .          Reflect  .   (no helmet)
rElec   .          Harm     .   (no cloak)
rCorr   .          Rampage  .   (no gloves)
Will    .....                   (no boots)
Stlth   ++........              (no amulet)
HPRegen 0.13/turn               (no ring)
MPRegen 0.17/turn               (no ring)

@: freezing walls
A: no striking features
a: no special abilities


You were on level 5 of the Dungeon.
You visited 1 branch of the dungeon, and saw 5 of its levels.

You collected 178 gold pieces.

Inventory:

Hand Weapons
 s - a +0 rapier of venom (weapon)
Armour
 a - a +0 robe (worn)
Wands
 t - a wand of paralysis (1)
Scrolls
 d - 4 scrolls of identify {unknown}
 e - 3 scrolls of teleportation {unknown}
 f - a scroll of blinking {unknown}
 g - a scroll of poison {unknown}
 j - 2 scrolls of magic mapping {unknown}
 l - a scroll of butterflies {unknown}
 m - a scroll of amnesia {unknown}
 n - a scroll of fear {unknown}
 o - a scroll of enchant weapon {unknown}
 r - a scroll of noise {unknown}
Potions
 b - a potion of flight {unknown}
 c - 3 potions of haste {unknown}
 h - 3 potions of curing
 i - a potion of attraction {unknown}
 k - a potion of mutation {unknown}
 p - a potion of magic
 q - a potion of might
 u - a potion of berserk rage {unknown}
 v - a potion of experience {unknown}


   Skills:
 - Level 2.4 Dodging
 - Level 2.5 Stealth
 + Level 7.5 Spellcasting
 + Level 4.9 Conjurations
 * Level 9.3 Ice Magic


You had 8 spell levels left.
You knew the following spells:

 Your Spells              Type           Power      Damage    Failure   Level
a - Freeze                Ice            100%       1d11      1%          1
b - Frozen Ramparts       Ice            100%       1d18      1%          3
c - Ozocubu's Armour      Ice            51%        N/A       1%          3
d - Hailstorm             Conj/Ice       41%        3d10      3%          4
e - Spider Form           Tmut/Pois      8%         N/A       22%         3

Your spell library contained the following spells:

 Spells                   Type           Power      Damage    Failure   Level
 Ensorcelled Hibernation  Hex/Ice        60%        N/A       1%          2
 Anguish                  Hex/Necr       4%         N/A       58%         4


Dungeon Overview and Level Annotations

Branches:
Dungeon (5/15)             Temple (0/1) D:5

Altars:

Annotations:
D:5 Prince Ribbit


Message History

The jackal bites you.
You freeze the jackal!
You kill the jackal!
The jackal bites you but does no damage.
The jackal bites you.
You freeze the jackal.
You kill the jackal!
You now have 166 gold pieces (gained 11).
You see here a +0 scale mail.
Found a robe.
You see here a +0 pair of boots.
You see here 5 boomerangs of dispersal.
Found a staircase to the Ecumenical Temple.
No target in view!
You now have 178 gold pieces (gained 12).
Found a leather armour.
Prince Ribbit comes into view.
Prince Ribbit croaks.
Prince Ribbit lets out a mournful croak.
Prince Ribbit blinks!
No reachable target in view!
You can't see any susceptible monsters within range! (Use Z to cast anyway.) Prince Ribbit lets out a mournful croak.
Prince Ribbit completely misses you. Prince Ribbit barely misses you.
Prince Ribbit attacks as you move away! Prince Ribbit completely misses you.
Prince Ribbit hops awkwardly around.
Prince Ribbit hits you! Prince Ribbit misses you.
Casting: Freeze (safe; 1% risk of failure)
Confirm with . or Enter, or press ? or * to list all spells.
Casting: Frozen Ramparts (safe; 1% risk of failure)
Press: ? - help, Dir - look around, f - activate The walls around you are covered in ice.
The wall freezes Prince Ribbit!
Prince Ribbit seems to slow down.
Prince Ribbit hits you!!
* * * LOW HITPOINT WARNING * * *
The wall freezes Prince Ribbit!
Prince Ribbit catches a baby bat with his tongue.
Prince Ribbit hits you!
You die...

≈≈≈≈≈≈...≈≈≈≈≈≈..#
≈≈≈≈≈≈.>.≈≈≈≈≈≈..#
≈≈≈≈≈≈...≈≈≈≈≈≈..#
≈≈≈≈≈≈≈≈≈≈≈≈≈≈≈..#
.≈≈≈≈≈≈≈≈≈≈≈≈≈...#
...≈≈≈≈≈≈≈≈≈.....#
.....≈≈≈≈≈.......#
..........[.....F#
###.#########..#@#
#............#.#
############.#.#
#.#.# #.#.# #.#.#
#.#.# .#.# .#


You could see Prince Ribbit (slow).

Vanquished Creatures
  Pikel (D:5)
  Eustachio (D:4)
  A black bear (D:4)
  A phantom (D:5)
  2 lemures (D:5)
  A necrophage (D:4)
  3 scorpions
  3 hounds
  An orc priest (D:5)
  Ijyb (D:5)
  2 iguanas
  3 gnolls (D:2)
  3 adders
  4 dart slugs
  5 orcs
  3 ball pythons
  8 endoplasms
  3 giant cockroaches
  5 goblins
  4 hobgoblins
  7 jackals
  A quokka (D:1)
  3 bats
  3 frilled lizards (D:1)
  4 kobolds
  3 rats
76 creatures vanquished.

Notes
Turn   | Place    | Note
-------+----------+-------------------------------------------
     0 | D:1      | MisterAzrael the Deep Elf Ice Elementalist began the quest
                  | for the Orb.
     0 | D:1      | Reached XP level 1. HP: 10/10 MP: 6/6
    74 | D:1      | Reached XP level 2. HP: 3/15 MP: 0/8
   998 | D:2      | Reached skill level 5 in Ice Magic
  1069 | D:2      | Reached XP level 3. HP: 7/19 MP: 7/10
  1308 | D:2      | Learned a level 3 spell: Frozen Ramparts
  1312 | D:2      | Learned a level 3 spell: Ozocubu's Armour
  1412 | D:2      | Reached XP level 4. HP: 19/24 MP: 8/12
  1861 | D:2      | Learned a level 4 spell: Hailstorm
  2820 | D:4      | Noticed a black bear
  2825 | D:4      | Killed a black bear
  2826 | D:4      | Reached skill level 1 in Conjurations
  2826 | D:4      | Reached skill level 6 in Ice Magic
  2826 | D:4      | Reached XP level 5. HP: 22/28 MP: 7/14
  2970 | D:4      | Reached skill level 5 in Spellcasting
  3161 | D:4      | Reached XP level 6. HP: 25/32 MP: 8/15
  3265 | D:4      | Learned a level 3 spell: Spider Form
  3381 | D:4      | Noticed Eustachio
  3390 | D:4      | Killed Eustachio
  3391 | D:4      | Reached skill level 7 in Ice Magic
  3715 | D:4      | HP: 1/24 [necrophage (1)]
  3719 | D:4      | Reached XP level 7. HP: 2/31 MP: 14/18
  4363 | D:5      | Entered Level 5 of the Dungeon
  4421 | D:5      | Reached skill level 8 in Ice Magic
  4437 | D:5      | HP: 1/36 [scorpion (7)]
  4762 | D:5      | Noticed Ijyb
  4763 | D:5      | Paralysed by Ijyb for 5 turns
  4775 | D:5      | Killed Ijyb
  4795 | D:5      | Noticed Pikel
  4812 | D:5      | Killed Pikel
  4813 | D:5      | Reached skill level 9 in Ice Magic
  4813 | D:5      | Reached XP level 8. HP: 28/41 MP: 7/21
  5076 | D:5      | Found a staircase to the Ecumenical Temple.
  5100 | D:5      | Noticed Prince Ribbit
  5110 | D:5      | Slain by Prince Ribbit

Illustrated notes

Levels and vault maps discovered:
D:1:      roderic_crop_circles_arrival_small, layout_rooms
D:2:      layout_loops_ring, minmay_misc_feat_pillars
D:3:      layout_loops_ring
D:4:      layout_loops_ring, glass_columns_a, uniq_eustachio
D:5:      layout_rooms, temple_pool_b, kennysheep_potato, uniq_prince_ribbit1,
          uniq_pikel, uniq_ijyb

Skill      XL: |  1  2  3  4  5  6  7 |
---------------+----------------------+-----
Ice Magic      | 5 6 7 9 |  9.3
Spellcasting   | 4 5 6 7 |  7.5
Conjurations   | 1 2 3 4 |  4.9
Dodging        | |  2.4
Stealth        | |  2.5

Action                   |  1- 3 |  4- 6 |  7- 9 || total
-------------------------+-------+-------+-------++-------
Melee: Unarmed           |     4 |       |       ||     4
       Rapier            |       |     6 |     7 ||    13
 Cast: Freeze            |    36 |     6 |    27 ||    69
       Frozen Ramparts   |     3 |    15 |     6 ||    24
       Ozocubu's Armour  |       |     3 |     2 ||     5
       Hailstorm         |       |     3 |     2 ||     5
  Use: Potion            |     2 |       |     5 ||     7
Armor: Robe              |     6 |     7 |     7 ||    20
       Skin              |     8 |       |       ||     8
Dodge: Dodged            |    16 |    21 |    26 ||    63

Table legend: (Time is in decaauts)
 A = Elapsed time spent in this place.
 B = Non-inter-level travel time spent in this place.
 C = Inter-level travel time spent in this place.
 D = Time resting spent in this place.
 E = Time spent auto-exploring this place.
 F = Levels seen in this place.
 G = Mean time per level.
                   A        B        C        D        E       F      G
               +--------+--------+--------+--------+--------+-----+--------+
         Total |   5110 |   5029 |     81 |   1406 |   2988 |   5 | 1022.0 |
       Dungeon |   5110 |   5029 |     81 |   1406 |   2988 |   5 | 1022.0 |
               +--------+--------+--------+--------+--------+-----+--------+

Top non-repeatable levels by time:
     D:4: 1543 daAuts
     D:2: 1002 daAuts
     D:3: 919 daAuts
     D:1: 897 daAuts
     D:5: 748 daAuts
